 Dungeon Crawl Stone Soup version 0.21.1-1-g345015f (webtiles) character file.

42 tidbits the Sneak (level 3, 4/25 HPs)
             Began as a Gnoll Enchanter on June 17, 2018.
             Quit the game on level 4 of the Dungeon.
             The game lasted 00:01:39 (160 turns).

tidbits the Sneak (Gnoll Enchanter)                  Turns: 160, Time: 00:01:40

Health: 4/25       AC:  2    Str: 10    XL:     3   Next: 54%
Magic:  0/9        EV: 14    Int: 18    God:
Gold:   27         SH:  0    Dex: 15    Spells: 3/12 levels left

rFire    . . .     SeeInvis .   a - +1 dagger
rCold    . . .     Gourm    .   (no shield)
rNeg     . . .     Faith    .   b - +0 robe
rPois    .         Spirit   .   (no helmet)
rElec    .         Reflect  .   (no cloak)
rCorr    +         Harm     .   (no gloves)
MR       .....                  (no boots)
Stlth    +++.......             (no amulet)
HPRegen  0.08/turn              j - ring of resist corrosion
MPRegen  0.11/turn              (no ring)

@: no status effects
A: distributed training, fangs 1, strong nose
a: no special abilities


You were on level 4 of the Dungeon.
You were not hungry.

You visited 1 branch of the dungeon, and saw 4 of its levels.

You collected 27 gold pieces.

Inventory:

Hand Weapons
 a - a +1 dagger (weapon)
Missiles
 g - 39 sling bullets
Armour
 b - a +0 robe (worn)
 e - a +0 ring mail
Jewellery
 j - a ring of resist corrosion (left hand)
   (You found it on level 1 of the Dungeon)
Scrolls
 k - a scroll of remove curse {unknown}
 l - a scroll of identify {unknown}
Potions
 f - 2 potions of resistance {unknown}
 h - a potion of berserk rage {unknown}
 i - a potion of haste {unknown}
Books
 c - a book of Maledictions

   Spells                             Type                      Level
   a - Corona                         Hexes                        1
   b - Ensorcelled Hibernation        Hexes/Ice                    2
   c - Confuse                        Hexes                        3
   d - Tukima's Dance                 Hexes                        3
   e - Dazzling Spray                 Conjuration/Hexes            3
Comestibles
 d - a ration


   Skills:
 + Level 0.8 Fighting
 + Level 2.6 Short Blades
 + Level 0.8 Long Blades
 + Level 0.8 Axes
 + Level 0.8 Maces & Flails
 + Level 0.8 Polearms
 + Level 0.8 Staves
 + Level 0.8 Slings
 + Level 0.8 Bows
 + Level 0.8 Crossbows
 + Level 0.8 Throwing
 + Level 0.8 Armour
 + Level 4.5 Dodging
 + Level 6.0 Stealth
 + Level 0.8 Shields
 + Level 0.8 Unarmed Combat
 + Level 5.0 Spellcasting
 + Level 0.5 Conjurations
 + Level 5.4 Hexes
 + Level 0.5 Charms
 + Level 0.5 Summonings
 + Level 0.5 Necromancy
 + Level 0.5 Translocations
 + Level 0.5 Transmutations
 + Level 0.5 Fire Magic
 + Level 0.5 Ice Magic
 + Level 0.5 Air Magic
 + Level 0.5 Earth Magic
 + Level 0.5 Poison Magic
 + Level 1.0 Invocations
 + Level 0.8 Evocations


You had 3 spell levels left.
You knew the following spells:

 Your Spells              Type           Power        Failure   Level  Hunger
a - Corona                Hex            ###....      1%          1    None
c - Confuse               Hex            ###.....     4%          3    ##.....
d - Dazzling Spray        Conj/Hex       ###...       12%         3    ##.....
e - Ensorcelled Hibernat  Hex/Ice        ###...       6%          2    #......


Dungeon Overview and Level Annotations

Branches:
Dungeon (4/15)
 Temple: D:4-7

Altars:


Innate Abilities, Weirdness & Mutations

Your experience applies equally to all skills.
You have very sharp teeth.
Your uncanny sense of smell can sniff out nearby items.


Message History

* * * LOW HITPOINT WARNING * * *
You barely miss the goblin. Your bite misses the goblin.
The goblin is severely wounded.
The goblin hits you but does no damage.
You hit the goblin.
You kill the goblin!
You have reached level 2!
Memorise Ensorcelled Hibernation, consuming 2 spell levels and leaving 7?
You start memorising the spell.
You continue memorising. x2
You finish memorising.
Spell assigned to 'e'.
Things that are here:
a dagger; 21 sling bullets
g - 39 sling bullets (gained 21)
There is an open door here.
You open the door. You open the door.
There is an open door here.
You fall through a shaft for 2 floors!
The shaft crumbles and collapses.
A hound comes into view.
You found a shaft!
Found a scroll labeled RIVYDGH WU RIU.
Found a stone staircase leading up.
There is a shaft here.
Found 15 gold pieces.
Found a robe.
Unknown command.
There is a stone staircase leading up here.
Casting: Corona
Confirm with . or Enter, or press ? or * to list all spells.
Aiming: Ensorcelled Hibernation
Press: ? - help, Shift-Dir - straight line, f - hound
Aim: a hound (chance to defeat MR: 52%)
The hound resists with significant effort.
The hound bites you.
* * * LOW HITPOINT WARNING * * *
The hound closely misses you.
Casting: Ensorcelled Hibernation
Confirm with . or Enter, or press ? or * to list all spells.
Aiming: Ensorcelled Hibernation
Press: ? - help, Shift-Dir - straight line, f/p - hound
Aim: a hound (chance to defeat MR: 52%)
The hound looks drowsy...
The helpless hound fails to defend itself.
You impale the hound!!
You kill the hound!
Your Stealth skill increases to level 6!
Your Spellcasting skill increases to level 5!
You have reached level 3!
Your experience leads to an increase in your attributes!
Increase (S)trength, (I)ntelligence, or (D)exterity?
You feel clever.
Memorise Confuse, consuming 3 spell levels and leaving 6?
You start memorising the spell.
You continue memorising. x3
You finish memorising.
Spell assigned to 'c'.
Memorise Dazzling Spray, consuming 3 spell levels and leaving 3?
You start memorising the spell.
You continue memorising. x3
You finish memorising.
Spell assigned to 'd'.
There is a stone staircase leading up here.
You climb upwards.
A dart slug comes into view.
There is a stone staircase leading down here.
Casting: Ensorcelled Hibernation
Confirm with . or Enter, or press ? or * to list all spells.
Aiming: Ensorcelled Hibernation
Press: ? - help, Shift-Dir - straight line, f - dart slug
Aim: a dart slug (chance to defeat MR: 63%)
The dart slug looks drowsy...
The helpless dart slug fails to defend itself.
You impale the dart slug!!
You kill the dart slug!
Your Invocations skill increases to level 1!
You climb downwards.
There is a stone staircase leading up here.
Unknown command.
An ogre comes into view. It is wielding a giant club.
The ogre shouts!
Found a scroll labeled EHAHOMP ODOQO.
You see here a scroll labeled RIVYDGH WU RIU.
l - a scroll labeled RIVYDGH WU RIU
Casting: Ensorcelled Hibernation
Confirm with . or Enter, or press ? or * to list all spells.
Aiming: Ensorcelled Hibernation
Press: ? - help, Shift-Dir - straight line, f - ogre
Aim: an ogre, wielding a giant club (chance to defeat MR: 46%)
Okay, then.
Casting: Ensorcelled Hibernation
Confirm with . or Enter, or press ? or * to list all spells.
Aiming: Ensorcelled Hibernation
Press: ? - help, Shift-Dir - straight line, f - ogre
Aim: an ogre, wielding a giant club (chance to defeat MR: 46%)
The ogre resists with some effort.
The ogre hits you with a giant club.
* * * LOW HITPOINT WARNING * * *
Casting: Ensorcelled Hibernation
Confirm with . or Enter, or press ? or * to list all spells.
Aiming: Ensorcelled Hibernation
Press: ? - help, Shift-Dir - straight line, f/p - ogre
Aim: an ogre, wielding a giant club (chance to defeat MR: 46%)
The ogre resists with some effort.
The ogre misses you.
Are you sure you want to abandon this character and quit the game? (Confirm with "yes".)

#######.#......
#.............. ∆
#..............
#.....^........
##..............
...#.#...............
.....................
...###†#<..#.##.#####
#.#...@O.#.#
#.#.#.#..#.#
............?...
#.#.#.#$.#.##### ∆
..............
.##.#.#.#.[#.### .
#.#.#....#.# ∆ #
#.####.# # ..#


You could see an ogre.

Vanquished Creatures
  A hound (D:4)
  A dart slug (D:3)
  2 giant cockroaches (D:2)
  A goblin (D:2)
  A hobgoblin (D:2)
  2 frilled lizards (D:2)
  A rat (D:2)
9 creatures vanquished.

Notes
Turn   | Place    | Note
-------+----------+-------------------------------------------
     0 | D:1      | tidbits the Gnoll Enchanter began the quest for the Orb.
     0 | D:1      | Reached XP level 1. HP: 13/13 MP: 6/6
    97 | D:2      | Reached XP level 2. HP: 8/19 MP: 5/7
   101 | D:2      | Learned a level 2 spell: Ensorcelled Hibernation
   123 | D:2      | You fall through a shaft for 2 floors!
   133 | D:4      | Reached skill level 6 in Stealth
   133 | D:4      | Reached skill level 5 in Spellcasting
   133 | D:4      | Reached XP level 3. HP: 7/25 MP: 3/9
   138 | D:4      | Learned a level 3 spell: Confuse
   142 | D:4      | Learned a level 3 spell: Dazzling Spray
   146 | D:3      | Reached skill level 1 in Invocations
   149 | D:4      | Noticed an ogre
   160 | D:4      | Quit the game

Skill      XL: |  1  2  3 |
---------------+----------+-----
Stealth        | 6 |  6.0
Spellcasting   | 5 |  5.0
Invocations    | 1 |  1.0
Fighting       | |  0.8
Short Blades   | |  2.6
Long Blades    | |  0.8
Axes           | |  0.8
Maces & Flails | |  0.8
Polearms       | |  0.8
Staves         | |  0.8
Slings         | |  0.8
Bows           | |  0.8
Crossbows      | |  0.8
Throwing       | |  0.8
Armour         | |  0.8
Dodging        | |  4.5
Shields        | |  0.8
Unarmed Combat | |  0.8
Conjurations   | |  0.5
Hexes          | |  5.4
Charms         | |  0.5
Summonings     | |  0.5
Necromancy     | |  0.5
Translocations | |  0.5
Transmutations | |  0.5
Fire Magic     | |  0.5
Ice Magic      | |  0.5
Air Magic      | |  0.5
Earth Magic    | |  0.5
Poison Magic   | |  0.5
Evocations     | |  0.8

Action                   || total
-------------------------++-------
Melee: Dagger            ||    17
       Bite              ||     1
 Cast: Corona            ||     3
       Ensorcelled Hiber ||     5
 Stab: Sleeping          ||     6
Armor: Robe              ||     1
Dodge: Dodged            ||     8

Table legend:
 A = Turns spent in this place as a percentage of turns spent in the entire game.
 B = Non-inter-level travel turns spent in this place as a percentage of non-inter-level travel turns spent in the entire game.
 C = Inter-level travel turns spent in this place as a percentage of turns spent in this place.
 D = Turns resting spent in this place as a percentage of non-inter-level travel turns spent in this place.
 E = Turns spent auto-exploring this place as a percentage of non-inter-level travel turns spent in this place.
 F = Non-inter-level travel turns spent in this place divided by the number of levels of this place that you've seen.
                   A       B       C       D       E      F
               +-------+-------+-------+-------+-------+----------------------
         Total | 100.0 | 100.0 |   0.0 |   0.0 |   0.0 |  40.0
       Dungeon | 100.0 | 100.0 |   0.0 |   0.0 |   0.0 |  40.0
               +-------+-------+-------+-------+-------+----------------------

Table legend:
 A = Kills in this place as a percentage of kills in entire the game.
 B = Kills by you in this place as a percentage of kills by you in the entire game.
 C = Kills by friends in this place as a percentage of kills by friends in the entire game.
 D = Other kills in this place as a percentage of other kills in the entire game.
 E = Experience gained in this place as a percentage of experience gained in the entire game.
 F = Experience gained in this place divided by the number of levels of this place that you have seen.
                   A       B       C       D       E      F
               +-------+-------+-------+-------+-------+----------------------
         Total | 100.0 | 100.0 |   N/A |   N/A | 100.0 |  15.0
       Dungeon | 100.0 | 100.0 |   N/A |   N/A | 100.0 |  15.0
               +-------+-------+-------+-------+-------+----------------------

Vault maps used:
D:1:      erik_arrival_orb_chamber
D:2:      gammafunk_temple_overflow_claw, kennysheep_generic_room_10
D:3:      first_ration
D:4:      temple_statues, st_stairs_10, uniq_duvessa
